 Dungeon Crawl Stone Soup version 0.10.0-14-ga75c42d character file.

16741 Celon the Thaumaturge (level 12, -1/73 HPs)
             Began as a Mummy Wizard on Feb 26, 2012.
             Was an Elder of Nemelex Xobeh.
             Slain by a basilisk (12 damage)
             ... on Level 6 of the Lair of Beasts.
             The game lasted 02:29:15 (21530 turns).

Celon the Thaumaturge (Mummy Wizard)               Turns: 21530, Time: 02:29:16

HP  -1/73        AC  7     Str 14      XL: 12   Next:  6%
MP  14/31        EV 11     Int 21      God: Nemelex Xobeh [****..]
Gold 718         SH  0     Dex 10      Spells:  5 memorised, 24 levels left

Res.Fire  : . . .   See Invis. : +   q - +4,+2 quarterstaff (chaos)
Res.Cold  : + . .   Warding    : . . v - +2 leather armour "Twurgh" {rF+ Dam+2 Stlt Life Prot.: + + + Conserve : + (no shield) Res.Acid. : + . . Res.Corr. : + (no helmet)
Res.Poison: +       Clarity    : .   r - +0 cloak {rCorr, Cons} (curse)
Res.Elec. : .       Spirit.Shd : .   F - +0 pair of gloves
Sust.Abil.: . .     Stasis     : .   (no boots)
Res.Mut.  : .       Ctrl.Telep.: .   (no amulet)
Res.Rott. : +       Levitation : .   N - +4 ring of strength
Saprovore : . . .   Ctrl.Flight: .   y - ring of see invisible

@: very slightly contaminated, quite resistant to hostile enchantments, stealthy
A: no food or potions, fire vulnerability, restore body, cold resistance 1, life
protection 3, poison resistance, torment resistance, unbreathing
a: Draw One, Peek at Two, Triple Draw, Mark Four, Renounce Religion


You were on level 6 of the Lair of Beasts.
You worshipped Nemelex Xobeh.
Nemelex Xobeh was extremely pleased with you.
You were not hungry.

You visited 2 branches of the dungeon, and saw 15 of its levels.
You visited 1 portal chamber: ossuary.

You collected 698 gold pieces.

Inventory:

Hand weapons
 f - a +2,+0 elven scimitar
 q - a +4,+2 quarterstaff of chaos (weapon)
 w - the +9,+4 short sword "Voit" {freeze, rElec MR Str+3}
   (You found it on level 6 of the Dungeon)

   It has been specially enchanted to freeze those struck by it, causing extra
   injury to most foes and up to double damage against particularly susceptible
   opponents.
   It can also slow down cold-blooded creatures.
   It affects your strength (+3).
   It insulates you from electricity.
   It increases your resistance to enchantments.
Missiles
 g - 20 +0 stones (quivered)
Armour
 r - a cursed +0 cloak of preservation (worn)
 v - the +2 leather armour "Twurgh" (worn) {rF+ Dam+2 Stlth++}
   (You found it on level 6 of the Dungeon)

   It affects your damage-dealing abilities (+2).
   It protects you from fire.
   It makes you much more stealthy.
 F - a +0 pair of gloves (worn)
 H - a +0 cloak of darkness
Magical devices
 D - a wand of cold (1)
 I - a wand of polymorph other (10)
 M - a wand of hasting (3) {unknown}
 O - a wand of magic darts (8) {unknown}
 V - a wand of disintegration (7) {unknown}
Comestibles
 n - 2 bread rations
 p - a snozzcumber
 t - a sausage
 u - a lemon
 x - an orange
 G - 14 honeycombs
 J - a meat ration
 S - a cheese
 U - 6 strawberries
 Y - an apple
Scrolls
 a - 2 scrolls of magic mapping
 b - a scroll of noise
 e - 2 scrolls of remove curse
 h - 3 scrolls of fog
 m - a scroll of fear
 A - 10 scrolls of identify
 B - a scroll of enchant weapon I
 C - a scroll of enchant armour {unknown}
 K - a scroll of curse weapon
 L - a scroll of teleportation
 R - 2 scrolls of immolation
Jewellery
 l - an uncursed ring of levitation
 s - an uncursed ring of see invisible
 y - a ring of see invisible (left hand)
 N - a +4 ring of strength (right hand)
 T - an uncursed ring of magical power {unknown}
Potions
 i - a potion of levitation {unknown}
 k - a potion of brilliance {unknown}
 o - 2 potions of resistance {unknown}
 E - a potion of curing {unknown}
 P - 2 potions of might {unknown}
 Q - 2 potions of restore abilities {unknown}
 W - a potion of heal wounds {unknown}
Books
 c - a book of Minor Magic

   Spells                             Type                      Level
   *Magic Dart                        Conjuration                  1
   *Blink                             Translocation                2
   Call Imp                           Summoning                    2
   *Repel Missiles                    Charms/Air                   2
   Slow                               Hexes                        2
   *Conjure Flame                     Conjuration/Fire             3
   *Mephitic Cloud                    Conjuration/Poison/Air       3
 j - a book of Callings

   Spells                             Type                      Level
   Summon Small Mammals               Summoning                    1
   Call Imp                           Summoning                    2
   Call Canine Familiar               Summoning                    3
   Summon Scorpions                   Summoning/Poison             4
   Summon Ice Beast                   Ice/Summoning                4
Miscellaneous
 d - an ornate deck of summonings {drawn: 10} {god gift}
 z - a plain deck of escape {drawn: 5} {god gift}
 X - a plain deck of summonings {drawn: 4} {god gift}


   Skills:
 - Level 1,0 Fighting
 - Level 3,0 Armour
 - Level 1,5 Dodging
 - Level 1,5 Stealth
 + Level 12,4 Spellcasting
 + Level 10,3 Conjurations
 - Level 0,7 Summonings
 - Level 0,7 Translocations
 - Level 8,0 Evocations


You had 24 spell levels left.
You knew the following spells:

 Your Spells              Type           Power        Failure   Level  Hunger
a - Magic Dart            Conj           #####        1%          1    N/A
b - Mephitic Cloud        Pois/Air/Conj  #####....    4%          3    N/A
c - Repel Missiles        Air/Chrm       ###.......   10%         2    N/A
d - Conjure Flame         Fire/Conj      #####....    1%          3    N/A
e - Blink                 Tloc           N/A          10%         2    N/A

Dungeon Overview and Level Annotations

Branches:
Dungeon (9/27)             Temple (0/1) D:7            Lair (6/8) D:8
 Shoals (0/5) Lair:5
    Orc: D:6-11       Swamp: Lair:2-5     Slime: Lair:6-8     Snake: Lair:3-6

Altars:
Ashenzari
Cheibriados
Elyvilon
Kikubaaqudgha
Makhleb
Nemelex Xobeh
Vehumet


Innate Abilities, Weirdness & Mutations

You do not eat or drink.
Your flesh is vulnerable to fire.
Your flesh is cold resistant.
You are immune to negative energy.
Your system is resistant to poisons.
You are immune to unholy pain and torment.
You can survive without breathing.


Message History

Confirm with . or Enter, or press ? or * to list all spells.
Aiming: Magic Dart
Press: ? - help, Shift-Dir - straight line, f/p - basilisk
Aim: a basilisk (severely wounded)
The magic dart hits the basilisk.
The basilisk is severely wounded.
Casting: Magic Dart
Confirm with . or Enter, or press ? or * to list all spells.
Aiming: Mephitic Cloud
Press: ? - help, Shift-Dir - straight line, f/p - basilisk
Aim: a basilisk (severely wounded)
The beam explodes into a vile cloud!
The stinking cloud engulfs the basilisk.
The basilisk is severely wounded.
* * * LOW HITPOINT WARNING * * *
The stinking cloud engulfs the plant.
The basilisk is engulfed in noxious fumes.
The basilisk bites you!
You die...
Your body glows with a rainbow of weird colours and disappears.

#..#.....f.f..###.
#P....f.#.......#.
#.................
#.>..>.#...#.#..##
##.f...##.#.P#f..#.
#f..........##P.##.
##.....f...........
#.§P.##............
#.@l§.$.§##........
#.§#§..f..f........
#...#z....#........
#......f.## f#... #
###P#[....# # .
##.#....# #####l..#
#...?. f##


You could see a basilisk and a friendly skeletal warrior.

Vanquished Creatures
  Maurice (D:9)
  A feature mimic (Lair:5)
  An elephant slug (Lair:5)
  2 spiny frogs
  Psyche (D:9)
  A snapping turtle (Lair:5)
  A basilisk (Lair:1)
  5 blink frogs
  6 hippogriffs
  2 vampire mosquitoes (Lair:5)
  Eustachio (D:7)
  A fire drake (Lair:1)
  A hungry ghost (D:8)
  7 yaks
  A merfolk (D:7)
  3 war dogs (Lair:1)
  A sky beast (D:7)
  2 ice beasts
  8 ogres
  8 crocodiles
  2 centaurs
  Sigmund (D:3)
  12 giant frogs
  2 giant slugs
  7 agate snails
  4 water moccasin zombies (Port)
  7 water moccasins
  A basilisk skeleton (D:7)
  2 killer bee zombies (Lair:5)
  7 wights
  3 big kobold zombies (Port)
  4 crimson imps
  2 orc priests
  A goliath beetle (D:9)
  A big kobold skeleton (D:7)
  Crazy Yiuf (D:4)
  2 iguanas
  7 hounds
  4 big fish (D:7)
  2 scorpions
  3 worker ants
  A gnoll shaman (D:7)
  2 hound skeletons
  4 porcupines
  10 orc wizards
  4 sheep (Lair:4)
  4 jellies
  Terence (D:3)
  2 mummies (Port)
  6 gnolls
  41 green rats
  10 adders
  3 adder zombies (Port)
  4 worms
  3 giant centipedes
  2 giant mites
  A bat skeleton (D:4)
  A giant eyeball (D:6)
  2 gnoll zombies (Port)
  6 giant geckos
  2 oozes (D:2)
  23 orcs
  20 bats
  10 giant cockroaches
  12 goblins
  21 hobgoblins
  13 jackals
  24 kobolds
  6 quokkas
  10 giant newts
  A hobgoblin skeleton (D:4)
  5 hobgoblin zombies (Port)
  4 kobold zombies (Port)
  An orc skeleton (D:8)
  6 orc zombies (Port)
  25 rats
  A fungus (Lair:5)
  3 plants
  3 toadstools
426 creatures vanquished.

Vanquished Creatures (collateral kills)
  2 hydras
  A spiny frog (Lair:4)
  3 black mambas
  A queen bee (Lair:5)
  13 blink frogs
  A basilisk (Lair:5)
  4 yaks (Lair:4)
  A vampire mosquito (Lair:5)
  A hippogriff (Lair:4)
  3 insubstantial wisps (Lair:5)
  A tarantella (Lair:5)
  A giant slug (Lair:5)
  A water moccasin (Lair:5)
  A giant frog (Lair:4)
  A jellyfish (Lair:5)
  29 killer bees (Lair:5)
  A hound (Lair:3)
  A big fish (Lair:5)
  2 sheep (Lair:4)
  2 porcupines (Lair:4)
  4 green rats (Lair:5)
  An adder (Lair:4)
  A giant centipede (Lair:3)
  2 bats
  A fungus (Lair:5)
79 creatures vanquished.

Vanquished Creatures (others)
  A very ugly thing (Lair:4)
  2 dancing weapons (Lair:5)
  An ugly thing (Lair:5)
  A giant slug zombie (Lair:5)
  7 vampire mosquitoes (Lair:5)
  4 soldier ants (Lair:4)
  2 insubstantial wisps
  A black bear (Lair:5)
  A queen bee zombie (Lair:5)
  A giant frog (D:6)
  A water moccasin zombie (Lair:5)
  14 killer bee zombies (Lair:5)
  A crocodile skeleton (Lair:5)
  A porcupine (Lair:6)
  A midge (Lair:5)
  A white imp (Lair:6)
  2 worms (D:6)
  2 green rat zombies (Lair:5)
  An orc (D:3)
  A goblin (D:6)
  A rat (D:6)
  5 fungi
  32 toadstools
84 creatures vanquished.

Grand Total: 589 creatures vanquished

Notes
Turn   | Place    | Note
--------------------------------------------------------------
     0 | D:1      | Celon, the Mummy Wizard, began the quest for the Orb.
     0 | D:1      | Reached XP level 1. HP: 11/11 MP: 5/5
    26 | D:1      | Reached skill level 1 in Conjurations
   429 | D:1      | Reached XP level 2. HP: 12/17 MP: 1/7
  1321 | D:1      | Reached XP level 3. HP: 10/22 MP: 1/9
  1768 | D:1      | Reached skill level 4 in Spellcasting
  2238 | D:2      | Found a shattered altar of Ashenzari.
  2373 | D:2      | Found a sparkling altar of Nemelex Xobeh.
  2561 | D:2      | Became a worshipper of Nemelex Xobeh
  2607 | D:2      | Found an ancient bone altar of Kikubaaqudgha.
  2983 | D:2      | Reached XP level 4. HP: 26/28 MP: 9/12
  3129 | D:1      | Received a gift from Nemelex Xobeh
  3263 | D:3      | Noticed Crazy Yiuf
  3357 | D:3      | Noticed Terence
  3507 | D:3      | Noticed Sigmund
  3540 | D:2      | Learned a level 3 spell: Mephitic Cloud
  3546 | D:2      | Learned a level 2 spell: Repel Missiles
  3550 | D:2      | Learned a level 3 spell: Conjure Flame
  3674 | D:3      | Killed Sigmund
  3749 | D:3      | Reached XP level 5. HP: 33/33 MP: 10/14
  4105 | D:3      | Killed Terence
  4520 | D:4      | Found a burning altar of Makhleb.
  4670 | D:4      | Reached skill level 5 in Spellcasting
  4797 | D:4      | Reached XP level 6. HP: 37/39 MP: 14/17
  4872 | D:4      | Killed Crazy Yiuf
  4872 | D:4      | Reached skill level 1 in Evocations
  4901 | D:4      | Identified a +0 cloak of preservation (You took it off Crazy Yiuf on level 4 of the Dungeon)
  5035 | D:4      | Found a radiant altar of Vehumet.
  5405 | D:4      | Reached XP level 7. HP: 44/44 MP: 9/19
  5570 | D:5      | Entered Level 5 of the Dungeon
  5891 | D:5      | Reached skill level 6 in Spellcasting
  5990 | D:5      | Reached skill level 5 in Conjurations
  6211 | D:5      | Learned a level 2 spell: Blink
  6563 | D:5      | Acquired Nemelex Xobeh's first power
  6787 | D:6      | Paralysed by a giant eyeball for 4 turns
  6796 | D:6      | Reached XP level 8. HP: 46/50 MP: 5/21
  6989 | D:6      | Got a warped robe
  7026 | D:6      | Identified the cursed +0 robe of Wegomm (You found it on level 6 of the Dungeon)
  7464 | D:6      | Got an ichor-stained short sword
  7481 | D:6      | Identified the short sword "Voit" {freeze, rElec MR Str+3} (You found it on level 6 of the Dungeon)
  7775 | D:6      | Got a fine leather armour
  7797 | D:6      | Identified the +2 leather armour "Twurgh" (You found it on level 6 of the Dungeon)
  7887 | D:6      | Acquired Nemelex Xobeh's second power
  7887 | D:6      | Received a gift from Nemelex Xobeh
  7896 | D:6      | Reached skill level 1 in Armour
  8121 | D:7      | Found a staircase to the Ecumenical Temple.
  8709 | D:7      | Reached skill level 1 in Fighting
  8709 | D:7      | Reached skill level 7 in Spellcasting
  8793 | D:7      | Reached XP level 9. HP: 56/56 MP: 13/23
  8961 | D:7      | Noticed Eustachio
  8968 | D:7      | Killed Eustachio
  9715 | D:9      | Noticed Psyche
  9723 | D:9      | Killed Psyche
  9727 | D:9      | Acquired Nemelex Xobeh's third power
  9880 | D:9      | Reached skill level 8 in Spellcasting
 10157 | D:9      | Found a white marble altar of Elyvilon.
 10405 | D:9      | Reached skill level 5 in Evocations
 10574 | D:9      | Noticed Maurice
 10582 | D:9      | Reached XP level 10. HP: 62/62 MP: 8/26
 10593 | D:9      | Received a gift from Nemelex Xobeh
 10594 | D:9      | Killed Maurice
 11249 | D:8      | Found a sand-covered staircase. 11254
                  | ossuary
                  | Entered a tomb 12297
                  | ossuary
                  | Reached skill level 9 in Spellcasting
 13049 | D:8      | Found a staircase to the Lair.
 13049 | D:8      | Noticed an agate snail
 13050 | D:8      | Noticed an agate snail
 13187 | D:8      | Killed an agate snail
 13264 | D:8      | Killed an agate snail
 14070 | Lair:1   | Entered Level 1 of the Lair of Beasts
 14537 | Lair:1   | Received a gift from Nemelex Xobeh
 15067 | Lair:1   | Reached skill level 10 in Spellcasting
 16858 | Lair:3   | HP: 3/62 [black mamba (14)]
 16859 | Lair:3   | Reached XP level 11. HP: 4/67 MP: 28/28
 17206 | Lair:3   | Found a snail-covered altar of Cheibriados.
 17586 | Lair:4   | Received a gift from Nemelex Xobeh
 17673 | Lair:4   | Acquired Nemelex Xobeh's fourth power
 18271 | Lair:4   | Reached skill level 11 in Spellcasting
 18707 | Lair:5   | Received a gift from Nemelex Xobeh
 19496 | Lair:5   | Reached skill level 12 in Spellcasting
 19663 | Lair:5   | Found a staircase to the Shoals.
 19729 | Lair:5   | Reached skill level 10 in Conjurations
 20964 | Lair:6   | Reached XP level 12. HP: 61/73 MP: 22/31
 21217 | Lair:6   | Received a gift from Nemelex Xobeh
 21530 | Lair:6   | Slain by a basilisk
